 Dungeon Crawl Stone Soup version 0.23-a0-837-ga3e6480 (console) character file.

104 bli the Covered (level 4, 0/37 HPs)
             Began as a Barachi Fighter on Jan 24, 2019.
             Slain by an orc
             ... wielding a +0 dagger
              (2 damage)
             ... on level 3 of the Dungeon.
             The game lasted 00:04:43 (1788 turns).

bli the Covered (Barachi Fighter)                   Turns: 1788, Time: 00:04:44

Health: 0/37       AC:  7    Str: 17    XL:     4   Next: 80%
Magic:  4/4        EV:  7    Int:  8    God:
Gold:   89         SH:  9    Dex: 13    Spells: 3/3 levels left

rFire    . . .     SeeInvis .   a - +0 long sword
rCold    . . .     Gourm    .   c - +0 shield
rNeg     . . .     Faith    +   b - +0 scale mail
rPois    .         Spirit   .   (no helmet)
rElec    .         Reflect  .   (no cloak)
rCorr    .         Harm     .   (no gloves)
MR       .....                  (no boots)
Stlth    ..........             o - amulet of faith
HPRegen  0.12/turn              (no ring)
MPRegen  0.09/turn              (no ring)

@: slow
A: +LOS, swims, slowness 1, strong legs 1
a: Hop


You were on level 3 of the Dungeon.
You were not hungry.

You visited 1 branch of the dungeon, and saw 3 of its levels.

You collected 89 gold pieces.

Inventory:

Hand Weapons
 a - a +0 long sword (weapon)
 r - a +0 hunting sling
Missiles
 g - 66 stones (quivered)
 j - 25 poisoned needles
Armour
 b - a +0 scale mail (worn)
 c - a +0 shield (worn)
 t - a +0 large shield
Jewellery
 o - an amulet of faith (around neck)
Scrolls
 e - 4 scrolls of remove curse {unknown}
 h - 4 scrolls of identify {unknown}
 l - a scroll of blinking {unknown}
 m - a scroll of teleportation {unknown}
 n - a scroll of enchant weapon {unknown}
Potions
 d - a potion of might
 i - a potion of agility {unknown}
 k - a potion of mutation {unknown}
 p - a potion of heal wounds {unknown}
 q - 3 potions of curing {unknown}
 s - a potion of haste {unknown}
Comestibles
 f - 5 rations
 u - 4 chunks of flesh


   Skills:
 + Level 4.0 Fighting
 * Level 4.3 Long Blades
 + Level 4.5 Armour
 * Level 3.7 Shields


You had 3 spell levels left.
You didn't know any spells.
Your spell library was empty.

Dungeon Overview and Level Annotations

Branches:
Dungeon (3/15)

Altars:


Innate Abilities, Weirdness & Mutations

Shadows flee at your approach. (+LOS)
You can swim through water.
You cover ground slowly.
You can hop short distances.


Message History

The orc priest hits you but does no damage.
You block the orc's attack.
You hit the orc priest.
The orc priest is almost dead.
The orc priest invokes the aid of Beogh against you.
Pain shoots through your body!
* * * LOW HITPOINT WARNING * * *
The orc closely misses you.
The orc priest hits you but does no damage.
The orc hits you but does no damage.
You closely miss the orc priest.
The orc priest is almost dead.
The orc closely misses you. The orc priest hits you.
* * * LOW HITPOINT WARNING * * *
You closely miss the orc priest.
The orc priest is almost dead.
The orc priest hits you.
* * * LOW HITPOINT WARNING * * *
The orc hits you with a +0 dagger.
You die...

# #.....#.####.# #.
<...###.....#
###.#####..#.######
#.............#
###.###..##.###.#
... ##...#.# .#
#.##....#.# #..
##.......#.......
#............####
#?###o#..###.# ..
#@#..# . ... #o#..#
.# ..# #o#..# .
#.#$.# #.# .# ..>
... ... #.#


You could see an orc priest and 2 orcs.

Vanquished Creatures
  4 adders
  2 oozes
  A worm (D:3)
  A dart slug (D:1)
  A leopard gecko (D:1)
  3 orcs (D:3)
  2 ball pythons (D:1)
  A giant cockroach (D:2)
  3 goblins
  9 hobgoblins
  5 jackals
  3 kobolds
  A quokka (D:3)
  5 bats
  4 frilled lizards
  4 rats
49 creatures vanquished.

Notes
Turn   | Place    | Note
-------+----------+-------------------------------------------
     0 | D:1      | bli the Barachi Fighter began the quest for the Orb.
     0 | D:1      | Reached XP level 1. HP: 18/18 MP: 1/1
    95 | D:1      | Reached XP level 2. HP: 16/25 MP: 2/2
   371 | D:1      | Reached XP level 3. HP: 29/30 MP: 3/3
   971 | D:2      | Reached XP level 4. HP: 35/37 MP: 4/4
  1788 | D:3      | Slain by an orc

Vault maps used:
D:1:      minmay_arrival_shattered_statue
D:2:      glass_columns_a, minmay_misc_feat_room
D:3:      first_ration, uniq_grinder

Skill      XL: |  1  2  3  4 |
---------------+-------------+-----
Armour         | 4 |  4.5
Long Blades    | 3 4 |  4.3
Fighting       | 4 |  4.0
Shields        | |  3.7

Action                   |  1- 3 |  4- 6 || total
-------------------------+-------+-------++-------
Melee: Long sword        |    88 |    77 ||   165
  Eat: Chunk             |     1 |     3 ||     4
Armor: Scale mail        |    38 |    50 ||    88
Dodge: Dodged            |    25 |    29 ||    54
Block: Shield            |    36 |    39 ||    75
       Rpst.: Long sword |    10 |    11 ||    21

Table legend:
 A = Non-vault XP
 B = Vault XP
 C = Vault XP percentage of total XP
 D = Non-vault monster count
 E = Vault monster count
 F = Vault count percentage of total count
                 A         B        C        D         E       F
            +---------+---------+-------+---------+---------+-------
      Total |     149 |       0 |   0.0 |      49 |       0 |   0.0
            +---------+---------+-------+---------+---------+-------
        D:1 |      49 |       0 |   0.0 |      23 |       0 |   0.0
        D:2 |      53 |       0 |   0.0 |      16 |       0 |   0.0
        D:3 |      47 |       0 |   0.0 |      10 |       0 |   0.0
            +---------+---------+-------+---------+---------+-------
